[Event "fics rated crazyhouse match"]
[Site "fics, Oklahoma City, OK USA"]
[Date "2000.03.16"]
[White "Tecumseh"]
[WhiteElo "2167"]
[Black "Eyefor"]
[BlackElo "2416"]
[TimeControl "180+0"]
[Result "1-0"]

1. e4 e6 2. d4 d6 3. Nf3 Nf6 4. Bd3 Be7 5. e5 Nd5 6. Nc3 
Nxc3 7. bxc3 dxe5 8. dxe5 N@c5 9. N@h5 Nxd3+ 10. cxd3 B@f8 11. P@h6 Rg8 
12. hxg7 Bxg7 13. Nxg7+ Rxg7 14. P@f6 Bxf6 15. exf6 Rxg2 16. B@e7 Qd7 17. B@g3 
Rxg3 18. hxg3 
{Eyefor resigns} 1-0

[Event "fics rated crazyhouse match"]
[Site "fics, Oklahoma City, OK USA"]
[Date "2000.03.16"]
[White "spurs"]
[WhiteElo "2306"]
[Black "venomous"]
[BlackElo "2490"]
[TimeControl "60+0"]
[Result "0-1"]

1. d3 e6 2. Nf3 Nc6 3. e4 Be7 4. Nc3 Nf6 5. Be3 d5 6. Be2 
dxe4 7. dxe4 Bd7 8. O-O P@b4 9. Nb5 Nxe4 10. Bf4 P@d6 11. Bd3 Nf6 
12. Nbd4 Nd5 13. Nxc6 bxc6 14. Bg3 N@h5 15. Be4 Nxg3 16. hxg3 B@g6 17. Bxd5 
cxd5 18. P@e5 B@e4 19. N@h4 Bxc2 20. Qd2 Bce4 21. exd6 Bxd6 22. P@h6 Bxf3 
23. hxg7 Rg8 24. gxf3 P@g5 25. Nxg6 fxg6 26. P@f7+ Kxf7 27. N@h6+ Kxg7 28. Nxg8 
Kxg8 29. B@d4 P@e5 30. Be3 P@h6 31. N@g4 P@g7 32. B@f6 gxf6 33. Nxh6+ Kg7 
34. R@f7+ Kxh6 35. f4 exf4 36. Bxf4 N@f3+ 37. Kg2 Nxd2 38. Rh1+ P@h5 39. Rxh5+ 
gxh5 40. Bxg5+ fxg5 41. f4 Q@f3+ 42. Kh3 B@g4+ 43. Kh2 R@g2+ 44. Kh1 N@f2# 
{spurs checkmated} 0-1

[Event "fics rated crazyhouse match"]
[Site "fics, Oklahoma City, OK USA"]
[Date "2000.03.16"]
[White "Thufir"]
[WhiteElo "2333"]
[Black "XXNoWay"]
[BlackElo "2400"]
[TimeControl "60+0"]
[Result "1-0"]

1. e4 e6 2. Nc3 Nf6 3. d4 d5 4. exd5 Nxd5 5. Bd3 Nc6 6. Nf3 
Bb4 7. Bd2 Bxc3 8. bxc3 N@f4 9. Bxf4 Nxf4 10. Rg1 Nxd3+ 11. Qxd3 B@b2 
12. N@h5 B@f6 13. Nxf6+ Qxf6 14. N@h5 Bxa1 15. Nxf6+ gxf6 16. P@g7 Rg8 17. Qxh7 
R@b1+ 18. B@d1 N@e7 19. Qxg8+ Nxg8 20. R@f8+ Kd7 21. B@e8+ Kd6 22. Q@c5# 
{XXNoWay checkmated} 1-0

[Event "fics rated crazyhouse match"]
[Site "fics, Oklahoma City, OK USA"]
[Date "2000.03.16"]
[White "venomous"]
[WhiteElo "2494"]
[Black "spurs"]
[BlackElo "2302"]
[TimeControl "60+0"]
[Result "1-0"]

1. e4 e6 2. d4 d5 3. e5 Ne7 4. Nh3 Nf5 5. Be3 Nxe3 6. fxe3 
B@f5 7. N@f4 Qh4+ 8. g3 Qe7 9. Bg2 Qb4+ 10. Nd2 Qxb2 11. O-O Bxc2 
12. Qc1 Qxc1 13. Raxc1 Bf5 14. Rxc7 P@e2 15. Rxc8+ Kd7 16. Q@e8# 
{spurs checkmated} 1-0

[Event "fics rated crazyhouse match"]
[Site "fics, Oklahoma City, OK USA"]
[Date "2000.03.16"]
[White "XXNoWay"]
[WhiteElo "2390"]
[Black "Thufir"]
[BlackElo "2343"]
[TimeControl "60+0"]
[Result "1-0"]

1. e4 e6 2. Nc3 Nf6 3. Nf3 Bb4 4. e5 Nd5 5. Bc4 Bxc3 6. dxc3 
N@b6 7. Bxd5 Nxd5 8. B@h4 B@e7 9. Bxe7 Qxe7 10. B@h4 f6 11. N@h5 B@g4 
12. exf6 gxf6 13. Nxf6+ Nxf6 14. Bxf6 Qxf6 15. P@e5 Qf7 16. N@f6+ Kd8 17. Nxg4 
B@h5 18. B@f6+ P@e7 19. Bxh8 Bxg4 20. P@f6 Bxf3 21. fxe7+ Kxe7 22. Bf6+ Kf8 
23. P@g7+ Qxg7 24. Bxg7+ Kxg7 25. Q@f6+ Kg8 26. R@f8# 
{Thufir checkmated} 1-0

[Event "fics rated crazyhouse match"]
[Site "fics, Oklahoma City, OK USA"]
[Date "2000.03.16"]
[White "spurs"]
[WhiteElo "2298"]
[Black "venomous"]
[BlackElo "2498"]
[TimeControl "60+0"]
[Result "0-1"]

1. d4 e6 2. e4 Nc6 3. Nc3 Nf6 4. Bg5 Be7 5. Nf3 d5 6. Bxf6 
Bxf6 7. e5 Be7 8. Bb5 B@h5 9. Bxc6+ bxc6 10. N@g3 B@g6 11. N@f4 Bxf3 
12. Qxf3 N@h4 13. Nfh5 Nxf3+ 14. gxf3 Bxh5 15. Nxh5 Q@g6 16. N@f4 N@g2+ 17. Nxg2 
Qxh5 18. N@f4 Qxf3 19. B@e2 P@d2+ 20. Kd1 Qxf2 21. Rf1 Qxd4 22. B@e3 Qb4 
23. Bxd2 Qxb2 24. Rb1 Qa3 25. Bc1 Qxc3 26. P@d2 Qxe5 27. Ne3 N@e4 28. Ng4 
N@f2+ 29. Nxf2 Qxf4 30. Ke1 N@g2+ 31. Kd1 Qxf2 32. Rxf2 Nxf2# 
{spurs checkmated} 0-1

[Event "fics rated crazyhouse match"]
[Site "fics, Oklahoma City, OK USA"]
[Date "2000.03.16"]
[White "Thufir"]
[WhiteElo "2336"]
[Black "XXNoWay"]
[BlackElo "2397"]
[TimeControl "60+0"]
[Result "0-1"]

1. e4 e6 2. Nc3 d5 3. d4 dxe4 4. Nxe4 Nf6 5. Ng3 Be7 6. Bg5 
O-O 7. P@e5 Nd5 8. Bxe7 Qxe7 9. Nf3 B@h4 10. Nxh4 Qxh4 11. B@f3 P@e3 
12. Bxd5 exf2+ 13. Kxf2 exd5 14. P@f3 P@f4 15. B@d2 fxg3+ 16. hxg3 Qxh1 17. P@h6 
B@g1+ 18. Ke1 gxh6 19. N@f6+ Kh8 20. Qe2 P@f2+ 21. Kd1 Qh2 22. c3 Qxg3 
23. Kc2 P@g7 24. Bxh6 gxh6 25. Nh5 Qg6+ 26. Qd3 Qxh5 27. P@g4 Qg6 28. Qxg6 
hxg6 29. Rd1 B@c4 30. Bxc4 dxc4 31. B@f6+ B@g7 32. Bxg7+ Kh7 33. Bxf8 N@e1+ 
34. Kd2 Q@d3+ 35. Kc1 R@b1# 
{Thufir checkmated} 0-1

[Event "fics rated crazyhouse match"]
[Site "fics, Oklahoma City, OK USA"]
[Date "2000.03.16"]
[White "XXNoWay"]
[WhiteElo "2404"]
[Black "Thufir"]
[BlackElo "2329"]
[TimeControl "60+0"]
[Result "1-0"]

1. e4 e6 2. Nc3 Nc6 3. Nf3 Nf6 4. Bb5 Bb4 5. e5 Bxc3 6. dxc3 
Nd5 7. B@h4 f6 8. Bxc6 dxc6 9. N@h5 B@g4 10. Nxg7+ Kf7 11. exf6 Bxf3 
12. Qxf3 N@e5 13. Qe2 N@g6 14. B@h5 Nxf6 15. Qxe5 Nxh5 16. Bxd8 Nxe5 17. Q@e7+ 
Kg6 18. N@h4# 
{Thufir checkmated} 1-0

[Event "fics rated crazyhouse match"]
[Site "fics, Oklahoma City, OK USA"]
[Date "2000.03.16"]
[White "Eyefor"]
[WhiteElo "2403"]
[Black "Tecumseh"]
[BlackElo "2180"]
[TimeControl "180+0"]
[Result "0-1"]

1. e4 d6 2. d4 Nf6 3. Nc3 e6 4. Nf3 Nc6 5. Bb5 Bd7 6. Ng5 
Qe7 7. Bxc6 Bxc6 8. N@a5 Rd8 9. Nxc6 bxc6 10. B@b7 B@d7 11. e5 Nd5 
12. exd6 Qxd6 13. Nxd5 cxd5 14. P@c5 Qe7 15. c6 P@f6 16. cxd7+ Rxd7 17. Nxe6 
Qxe6+ 18. N@e2 N@h4 19. Kf1 P@h3 20. g3 Qe4 21. Ng1 Qxh1 22. gxh4 Qg2+ 
23. Ke2 Qe4+ 24. N@e3 N@f4+ 25. Kf1 R@h1 26. B@f3 Qxf3 27. Qxf3 B@g2+ 28. Nxg2 
hxg2+ 29. Qxg2 Nxg2 30. Q@a8+ N@d8 31. Kxg2 N@e1+ 32. Kf1 Rxg1+ 33. Ke2 Q@e4+ 
34. Be3 N@f4+ 35. Kd1 Nf3# 
{Eyefor resigns} 0-1

[Event "fics rated crazyhouse match"]
[Site "fics, Oklahoma City, OK USA"]
[Date "2000.03.16"]
[White "venomous"]
[WhiteElo "2502"]
[Black "spurs"]
[BlackElo "2294"]
[TimeControl "60+0"]
[Result "1-0"]

1. e4 e6 2. d4 d6 3. Be3 Nf6 4. Bd3 e5 5. dxe5 dxe5 6. Nf3 
Nc6 7. P@d5 Bb4+ 8. c3 Nd4 9. Nxe5 P@c2 10. Bxc2 Nxc2+ 11. Qxc2 Bd6 
12. Nxf7 Kxf7 13. P@e6+ Kf8 14. P@h6 Rg8 15. hxg7+ Rxg7 16. Bh6 B@h8 17. N@f5 
N@h5 18. Nxg7 Nxg7 19. R@f7+ Kg8 20. Bxg7 Bxg7 21. P@g5 Nxe4 22. Qxe4 P@f5 
23. Qxf5 B@g6 24. Rxg7+ Kxg7 25. Qf6+ Qxf6 26. gxf6+ Kh6 27. B@g7+ Kg5 28. N@f3+ 
Kf4 29. Q@e3+ Kf5 30. N@d4+ Kg4 31. P@h3+ Kh5 32. g4# 
{spurs checkmated} 1-0

[Event "fics rated crazyhouse match"]
[Site "fics, Oklahoma City, OK USA"]
[Date "2000.03.16"]
[White "spurs"]
[WhiteElo "2290"]
[Black "venomous"]
[BlackElo "2506"]
[TimeControl "60+0"]
[Result "0-1"]

1. d4 e6 2. Nf3 Nc6 3. Bf4 Nf6 4. Nc3 Bb4 5. e4 Nxe4 6. Bd2 
Nxd2 7. Qxd2 B@g6 8. Bd3 P@e4 9. Bxe4 Bxc3 10. bxc3 Bxe4 11. N@h5 B@f8 
12. B@h4 f6 13. P@e5 Bxf3 14. g3 N@g2+ 15. Kf1 Nxh4 
{spurs resigns} 0-1

[Event "fics rated crazyhouse match"]
[Site "fics, Oklahoma City, OK USA"]
[Date "2000.03.16"]
[White "Thufir"]
[WhiteElo "2323"]
[Black "XXNoWay"]
[BlackElo "2410"]
[TimeControl "60+0"]
[Result "1-0"]

1. e4 e6 2. d4 d5 3. exd5 exd5 4. Bb5+ Nc6 5. Qe2+ Be7 6. Nc3 
Nf6 7. P@g5 Ne4 8. Nxe4 dxe4 9. Qxe4 N@d6 10. Bxc6+ bxc6 11. Qe2 B@e4 
12. P@h6 Rg8 13. hxg7 Be6 14. P@e5 Bxg2 15. exd6 cxd6 16. N@f6+ Bxf6 17. gxf6 
Bxh1 18. N@g5 N@g2+ 19. Kd1 Qxf6 20. Nxe6 fxe6 21. B@g5 P@f3 22. Nxf3 R@g1+ 
23. Nxg1 P@f3 24. Nxf3 Ne3+ 25. Bcxe3 Bxf3 26. P@d7+ Kxd7 27. R@b7+ P@c7 28. N@f8+ 
Raxf8 29. gxf8=N+ Rxf8 30. Rxc7+ Kxc7 31. N@a6+ Kc8 32. R@c7+ Kd8 33. Bxf6# 
{XXNoWay resigns} 1-0

[Event "fics rated crazyhouse match"]
[Site "fics, Oklahoma City, OK USA"]
[Date "2000.03.16"]
[White "venomous"]
[WhiteElo "2510"]
[Black "spurs"]
[BlackElo "2286"]
[TimeControl "60+0"]
[Result "1-0"]

1. e4 e6 2. d4 d5 3. e5 Be7 4. Nh3 Nh6 5. Bxh6 gxh6 6. N@g7+ 
Kf8 7. Nh5 Rg8 8. Nc3 B@g6 9. N3f4 Bd7 10. Bd3 Nc6 11. Nxg6+ hxg6 
12. Nf6 Bxf6 13. exf6 Qxf6 14. B@e5 Nxe5 15. dxe5 Qxe5+ 16. Qe2 Qxe2+ 17. Nxe2 
B@g5 18. N@h7+ Ke8 19. Nxg5 hxg5 20. B@f6 P@e7 21. Bxg5 P@f6 22. P@h7 Rh8 
23. Bxg6 fxg6 24. P@g7 Kf7 25. gxh8=N+ Rxh8 26. B@g8+ Ke8 27. R@f8# 
{spurs resigns} 1-0

[Event "fics rated crazyhouse match"]
[Site "fics, Oklahoma City, OK USA"]
[Date "2000.03.16"]
[White "Tecumseh"]
[WhiteElo "2193"]
[Black "Eyefor"]
[BlackElo "2390"]
[TimeControl "180+0"]
[Result "1-0"]

1. e4 e6 2. d4 d6 3. Nf3 Nf6 4. Bd3 Nc6 5. Nc3 Be7 6. O-O 
h5 7. h3 e5 8. dxe5 Nxe5 9. Nxe5 dxe5 10. N@f5 Bxf5 11. exf5 N@c6 
12. P@e6 fxe6 13. fxe6 Kf8 14. P@g5 Ne8 15. Bg6 Bxg5 16. Qxd8 
{Eyefor resigns} 1-0

[Event "fics rated crazyhouse match"]
[Site "fics, Oklahoma City, OK USA"]
[Date "2000.03.16"]
[White "XXNoWay"]
[WhiteElo "2400"]
[Black "Thufir"]
[BlackElo "2333"]
[TimeControl "60+0"]
[Result "1-0"]

1. e4 e6 2. Nc3 d6 3. Nf3 Nf6 4. d4 Be7 5. Bd3 Nc6 6. e5 
Ng4 7. Qe2 Nxd4 8. Nxd4 Nxe5 9. N@h5 Bf6 10. Nxf6+ gxf6 11. B@g7 Nxd3+ 
12. cxd3 Rg8 13. Bch6 B@e5 14. Nf3 N@f4 15. Bxf4 Bxf4 16. N@h5 P@d2+ 17. Nxd2 
Bxd2+ 18. Qxd2 B@g5 19. P@f4 P@g6 20. fxg5 gxh5 21. gxf6 N@f5 22. N@h6 Rxg7 
23. fxg7 Nxg7 24. R@g8+ B@f8 25. B@g5 P@f6 26. Bxf6 Qxf6 27. B@g5 Qe5+ 28. P@e4 
B@a5 29. P@e7 N@d7 30. exf8=Q+ Nxf8 31. Rxf8+ Kxf8 32. B@e7+ Ke8 33. N@f6+ Kxe7 
34. Nfg4+ Qxg5 35. Qxg5+ Kd7 36. Q@d8+ Kc6 37. Qb5# 
{Thufir checkmated} 1-0

[Event "fics rated crazyhouse match"]
[Site "fics, Oklahoma City, OK USA"]
[Date "2000.03.16"]
[White "spurs"]
[WhiteElo "2283"]
[Black "venomous"]
[BlackElo "2513"]
[TimeControl "60+0"]
[Result "1-0"]

1. d4 e6 2. e4 Nc6 3. Bb5 Nf6 4. Bxc6 dxc6 5. Bg5 Be7 6. Bxf6 
Bxf6 7. Nc3 Qxd4 8. Nf3 Qxd1+ 9. Rxd1 Bxc3+ 10. bxc3 P@d6 11. N@h5 B@f8 
12. N@f6+ gxf6 13. Nxf6+ Ke7 14. Q@e8+ Kxf6 15. B@g5+ Kg7 16. P@h6+ Kg8 17. Be7 
N@g6 18. Bxf8 Nxf8 19. B@g7 Bd7 20. Qxf8+ Rxf8 21. N@f6# 
{venomous checkmated} 1-0

[Event "fics rated crazyhouse match"]
[Site "fics, Oklahoma City, OK USA"]
[Date "2000.03.16"]
[White "Thufir"]
[WhiteElo "2327"]
[Black "XXNoWay"]
[BlackElo "2406"]
[TimeControl "60+0"]
[Result "0-1"]

1. e4 e6 2. Nc3 Nf6 3. d4 d5 4. exd5 exd5 5. Bd3 P@e4 6. Bb5+ 
c6 7. Ba4 Bb4 8. P@e5 Ng4 9. Nh3 O-O 10. O-O Bxc3 11. bxc3 Nxe5 
12. dxe5 Bxh3 13. B@g5 Bxg2 14. Bxd8 P@f3 15. N@f4 P@e2 16. Nxg2 N@h3+ 17. Kh1 
exd1=Q 18. Rxd1 Q@g1+ 19. Rxg1 Nxf2# 
{Thufir checkmated} 0-1

[Event "fics rated crazyhouse match"]
[Site "fics, Oklahoma City, OK USA"]
[Date "2000.03.16"]
[White "XXNoWay"]
[WhiteElo "2412"]
[Black "Thufir"]
[BlackElo "2321"]
[TimeControl "60+0"]
[Result "1-0"]

1. e4 e6 2. Nc3 Nc6 3. Nf3 Bb4 4. Bb5 Bxc3 5. dxc3 Nf6 6. e5 
Nd5 7. O-O N@f4 8. B@g5 Nxg2 9. Bxd8 Nxd8 10. Kxg2 P@g4 11. Ng5 B@h5 
12. c4 Nb6 13. N@g3 Bg6 14. Qxg4 a6 15. P@f6 O-O 16. fxg7 Kxg7 17. P@f6+ 
Kh6 18. Q@g7# 
{Thufir checkmated} 1-0

[Event "fics rated crazyhouse match"]
[Site "fics, Oklahoma City, OK USA"]
[Date "2000.03.16"]
[White "venomous"]
[WhiteElo "2500"]
[Black "spurs"]
[BlackElo "2296"]
[TimeControl "60+0"]
[Result "1-0"]

1. e4 d6 2. d4 Nc6 3. Nf3 Nf6 4. Nc3 Bg4 5. Bc4 Bxf3 6. Qxf3 
e6 7. d5 exd5 8. exd5 Ne5 9. Qe2 Be7 10. P@e6 O-O 11. exf7+ Nxf7 
12. B@e6 Kh8 13. Bxf7 Rxf7 14. N@g5 Rf8 15. Nce4 B@g6 16. Nxf6 Bxf6 17. N@e6 
Bxg5 18. Bxg5 Qe8 19. Nxf8 Qxf8 20. P@e7 Qe8 21. R@d8 P@d2+ 22. Bxd2 Rxd8 
23. exd8=Q Qxd8 24. P@e7 Qg8 25. R@f8 R@e8 26. Rxe8 Bxe8 27. R@f8 N@f6 28. Rxg8+ 
Nxg8 29. Bc3 R@f7 30. B@f8 N@e5 31. Bxe5 dxe5 32. N@d8 N@f4 33. Nxf7+ Bxf7 
34. Bxg7+ Kxg7 35. Qxe5+ B@f6 36. Qxf4 P@d2+ 37. Qxd2 P@c3 38. N@f5+ Kg6 39. bxc3 
Kxf5 40. Q@e4# 
{spurs forfeits on time} 1-0

[Event "fics rated crazyhouse match"]
[Site "fics, Oklahoma City, OK USA"]
[Date "2000.03.16"]
[White "Thufir"]
[WhiteElo "2315"]
[Black "XXNoWay"]
[BlackElo "2418"]
[TimeControl "60+0"]
[Result "0-1"]

1. e4 e6 2. Nc3 Nf6 3. e5 Nd5 4. Nxd5 exd5 5. d4 Nc6 6. Bb5 
d6 7. Qe2 Be7 8. N@h5 Rg8 9. exd6 Qxd6 10. Nf3 Bg4 11. P@e5 Qg6 
12. Bxc6+ bxc6 13. N@f4 Qf5 14. Rg1 B@b5 15. Qd2 N@c4 16. Qd1 Bxf3 17. gxf3 
P@g6 18. B@g4 Qg5 19. Ne6 fxe6 20. Bxg5 Bxg5 21. Bxe6 B@d2+ 22. Kf1 Ne3# 
{Thufir checkmated} 0-1

[Event "fics rated crazyhouse match"]
[Site "fics, Oklahoma City, OK USA"]
[Date "2000.03.16"]
[White "Eyefor"]
[WhiteElo "2378"]
[Black "Tecumseh"]
[BlackElo "2205"]
[TimeControl "180+0"]
[Result "1-0"]

1. e4 Nc6 2. d4 Nf6 3. Nc3 d5 4. exd5 Nxd5 5. P@b5 Ncb4 6. Nxd5 
Nxd5 7. Bc4 e6 8. N@c5 N@f4 9. Bxd5 Nxd5 10. N@e4 P@f5 11. Nc3 B@b4 
12. Na4 a6 13. bxa6 Rxa6 14. Kf1 Bxc3 15. Nxc3 Nxc3 16. bxc3 N@e4 17. B@b5+ 
Bd7 18. Bxa6 bxa6 19. P@b2 Bb5+ 20. Ke1 N@h4 21. N@f4 P@g5 22. Ngh3 gxf4 
23. Nxf4 B@g5 24. R@g1 N@a4 25. Rb1 Naxc3 26. bxc3 Nxc3 27. Nxe6 fxe6 28. P@f7+ 
Ke7 29. Bxg5+ P@f6 30. Rxb5 Nxd1 31. N@c6+ Kd7 32. B@e8+ Kc8 33. Rb8# 
{Tecumseh checkmated} 1-0

[Event "fics rated crazyhouse match"]
[Site "fics, Oklahoma City, OK USA"]
[Date "2000.03.16"]
[White "spurs"]
[WhiteElo "2292"]
[Black "venomous"]
[BlackElo "2504"]
[TimeControl "60+0"]
[Result "0-1"]

1. d4 e6 2. Nf3 Nc6 3. e4 Nf6 4. Bg5 Be7 5. Bxf6 Bxf6 6. Bb5 
d5 7. Bxc6+ bxc6 8. e5 Be7 9. N@h5 Rg8 10. Nxg7+ Rxg7 11. P@f6 Rxg2 
12. fxe7 Qxe7 13. N@f6+ Kd8 14. Nxh7 Rxf2 15. B@f6 B@b4+ 16. Nc3 Rg2 17. Bxe7+ 
Bxe7 18. P@f2 P@e3 19. Nf6 exf2+ 20. Kf1 N@e3+ 21. Ke2 f1=Q+ 22. Kxe3 Qf2+ 
23. Kf4 B@g5# 
{spurs checkmated} 0-1

[Event "fics rated crazyhouse match"]
[Site "fics, Oklahoma City, OK USA"]
[Date "2000.03.16"]
[White "XXNoWay"]
[WhiteElo "2424"]
[Black "Thufir"]
[BlackElo "2309"]
[TimeControl "60+0"]
[Result "1-0"]

1. e4 e6 2. Nc3 d6 3. Nf3 Nf6 4. d4 Be7 5. Bd3 O-O 6. e5 
Nd5 7. exd6 cxd6 8. P@h6 gxh6 9. Bxh6 P@f5 10. Bxf5 Nxc3 11. Bxh7+ Kxh7 
12. bxc3 Kxh6 13. N@g4+ Kh7 14. P@f6 Bxf6 15. Nxf6+ Qxf6 16. P@g5 Qg6 17. B@d3 
P@e4 18. P@h5 Qf5 19. Nh4 Qxg5 20. Bxe4+ P@f5 21. P@g6+ fxg6 22. Nxg6 Rg8 
23. h4 P@d2+ 24. Kf1 B@a6+ 25. P@d3 Qf6 26. Qxd2 B@h6 27. P@g5 fxe4 28. gxh6 
N@g3+ 29. Kg1 N@e2+ 30. Kh2 Nxh1 31. Kxh1 P@h2 32. N@f8+ Rxf8 33. Nxf8+ Qxf8 
34. B@g6+ Kg8 35. h7+ Kg7 36. R@g8+ Qxg8 37. hxg8=Q+ Kf6 38. Q@f7# 
{Thufir checkmated} 1-0

[Event "fics rated crazyhouse match"]
[Site "fics, Oklahoma City, OK USA"]
[Date "2000.03.16"]
[White "venomous"]
[WhiteElo "2508"]
[Black "spurs"]
[BlackElo "2288"]
[TimeControl "60+0"]
[Result "0-1"]

1. e4 e6 2. d4 d5 3. e5 Ne7 4. Nh3 Nf5 5. Be3 Be7 6. Bd3 
Nxe3 7. fxe3 Nc6 8. O-O B@f5 9. Bxf5 exf5 10. N@h5 B@g4 11. Nxg7+ Kf8 
12. B@h6 Bxd1 13. Ne6+ Ke8 14. Nxd8 Kxd8 15. P@g7 Re8 16. Nc3 Bxc2 17. Rac1 
Be4 18. Nxe4 dxe4 19. B@g5 N@e2+ 20. Kh1 N@g3+ 21. hxg3 Nxg3+ 22. Kg1 Q@h1+ 
23. Kf2 Nxf1 24. Bxe7+ Nxe7 25. Rxf1 P@g3+ 26. Kxg3 B@h2+ 27. Kf2 P@g3+ 28. Ke2 
Qxg2+ 29. B@f2 P@f3+ 30. Kd2 Qxf1 31. N@c6+ bxc6 32. N@b7+ Bxb7 33. Q@d7+ Kxd7 
34. e6+ fxe6 
{venomous resigns} 0-1

[Event "fics rated crazyhouse match"]
[Site "fics, Oklahoma City, OK USA"]
[Date "2000.03.16"]
[White "Thufir"]
[WhiteElo "2304"]
[Black "XXNoWay"]
[BlackElo "2429"]
[TimeControl "60+0"]
[Result "0-1"]

1. e4 e6 2. Nc3 Nf6 3. d4 d5 4. e5 Ne4 5. Nxe4 dxe4 6. Be3 
Nc6 7. Nh3 Be7 8. Be2 N@f5 9. O-O Ncxd4 10. N@h5 Nxe2+ 11. Qxe2 B@g6 
12. N@g3 Bxh5 13. Nxh5 P@g6 14. Ng3 Nxg3 15. fxg3 N@f5 16. B@f4 Nxe3 17. Bxe3 
N@f5 18. N@g5 Nxe3 19. Nxf7 Nxf1 20. Nxd8 B@c5+ 21. P@f2 Bxd8 22. Rxf1 Rf8 
23. Qxe4 B@f5 24. Qa4+ Bd7 25. Qb3 Bxh3 26. gxh3 N@f3+ 27. Kh1 Bxf2 28. P@g2 
Nh4 29. gxh4 P@e2 30. Rg1 Bxg1 31. N@g4 Bc5 32. Q@e1 R@f1+ 33. B@g1 Rxe1 
34. N@d6+ cxd6 35. N@f2 Rxg1+ 36. Kxg1 Q@f1# 
{Thufir checkmated} 0-1

[Event "fics rated crazyhouse match"]
[Site "fics, Oklahoma City, OK USA"]
[Date "2000.03.16"]
[White "Tecumseh"]
[WhiteElo "2201"]
[Black "Eyefor"]
[BlackElo "2382"]
[TimeControl "180+0"]
[Result "0-1"]

1. e4 Nf6 2. e5 Nd5 3. Nc3 e6 4. Nf3 d6 5. Bc4 Nf4 6. Rg1 
dxe5 7. Nxe5 P@h3 8. Qf3 Qf6 9. d4 Nxg2+ 10. Rxg2 Qxf3 11. Nxf3 hxg2 
12. Bg5 R@h1+ 13. Kd2 P@e3+ 14. Kxe3 Nc6 15. Bb5 Bd7 16. Bxc6 Bxc6 17. N@h5 
B@e7 18. Bxe7 Rxa1 19. N@f6+ gxf6 20. Nxf6+ Kxe7 21. Nfd5+ exd5 22. B@f6+ Ke8 
23. Q@e5+ B@e7 24. P@g7 N@c4# 
{Tecumseh resigns} 0-1

[Event "fics rated crazyhouse match"]
[Site "fics, Oklahoma City, OK USA"]
[Date "2000.03.16"]
[White "spurs"]
[WhiteElo "2300"]
[Black "venomous"]
[BlackElo "2496"]
[TimeControl "60+0"]
[Result "0-1"]

1. d4 e6 2. Nf3 Nc6 3. e4 Nf6 4. Bg5 Bb4+ 5. c3 Be7 6. Bb5 
d5 7. Bxf6 Bxf6 8. Bxc6+ bxc6 9. e5 Be7 10. N@h5 B@h6 11. N@g4 B@g6 
12. Nxh6 Bxh5 13. B@f6 Bxf6 14. exf6 Qxf6 15. B@g5 Qg6 16. h4 Ba6 17. Qd2 
N@c2+ 18. Kd1 Nxa1 19. Na3 P@f6 20. g4 B@e2+ 21. Kc1 Bxf3 22. gxh5 N@d3+ 
23. Kb1 Nxf2+ 24. B@f5 exf5 25. Kxa1 Nxh1 26. Nc2 R@g1+ 27. N@b1 Qxh5 28. Qe3+ 
R@e4 29. Qxe4+ Bxe4 30. Nxf5 Qd1 31. R@e7+ Kd8 32. Rd7+ Kxd7 33. P@e6+ fxe6 
34. Na3 Qxb1+ 35. Nxb1 Rxb1# 
{spurs checkmated} 0-1

[Event "fics rated crazyhouse match"]
[Site "fics, Oklahoma City, OK USA"]
[Date "2000.03.16"]
[White "XXNoWay"]
[WhiteElo "2434"]
[Black "Thufir"]
[BlackElo "2299"]
[TimeControl "60+0"]
[Result "1-0"]

1. e4 e6 2. Nc3 Nc6 3. Nf3 Bb4 4. Bb5 Nf6 5. d3 d5 6. e5 
Ng4 7. O-O O-O 8. Bxc6 bxc6 9. N@h5 d4 10. Ne4 B@g6 11. Nxg7 Bxe4 
12. dxe4 N@g6 13. Nh5 N4xe5 14. Nxe5 Nxe5 15. B@f6 P@g7 16. Bxd8 Rxd8 17. N@h6+ 
Kh8 18. P@f6 N@f5 19. Nxg7 Nxg7 20. fxg7+ Kxg7 21. P@f6+ Kf8 22. Q@g7+ Ke8 
23. Nxf7 Nxf7 24. P@e7 Bxe7 25. fxe7 Kxe7 26. B@f6+ Kd7 27. Qxf7+ Kd6 28. Qxd4+ 
N@d5 29. e5# 
{Thufir checkmated} 1-0

[Event "fics rated crazyhouse match"]
[Site "fics, Oklahoma City, OK USA"]
[Date "2000.03.16"]
[White "Thufir"]
[WhiteElo "2294"]
[Black "XXNoWay"]
[BlackElo "2439"]
[TimeControl "60+0"]
[Result "0-1"]

1. e4 e6 2. Nc3 Nf6 3. d4 d5 4. exd5 Nxd5 5. Bd3 Nxc3 6. bxc3 
Nc6 7. N@h5 Bd7 8. P@h6 gxh6 9. Bxh6 Bxh6 10. P@g7 Rg8 11. Bxh7 Rxg7 
12. Nxg7+ Bxg7 13. R@g8+ B@f8 14. Nf3 P@e4 15. Ne5 Nxe5 16. dxe5 N@f4 17. N@f6+ 
Bxf6 18. exf6 Nxg2+ 19. Rxg2 N@f3+ 20. Kf1 P@h3 21. N@g7+ Bxg7 22. fxg7 hxg2+ 
23. Kxg2 N@f4+ 24. Kg3 Qg5+ 25. B@g4 P@h4# 
{Thufir checkmated} 0-1

[Event "fics rated crazyhouse match"]
[Site "fics, Oklahoma City, OK USA"]
[Date "2000.03.16"]
[White "venomous"]
[WhiteElo "2500"]
[Black "spurs"]
[BlackElo "2296"]
[TimeControl "60+0"]
[Result "0-1"]

1. e4 e6 2. d4 d5 3. e5 Bd7 4. Nh3 a6 5. Be3 Be7 6. Nc3 
Bb5 7. Bd3 Bxd3 8. cxd3 B@g5 9. Nxg5 Bxg5 10. O-O N@f5 11. B@d2 Bxe3 
12. Bxe3 Ngh6 13. Bxh6 Nxh6 14. N@h5 B@f8 15. B@e3 B@g4 16. B@g5 Bxd1 17. Bxd8 
Bxh5 18. Bxc7 Nc6 19. Bd6 Bxd6 20. exd6 B@f3 21. Q@g3 Bxg2 22. Qxg2 P@f3 
23. Qxg7 Q@g2+ 24. Qxg2 fxg2 25. f3 Q@h1+ 26. Kf2 N@h3+ 27. Ke2 gxf1=Q+ 28. Rxf1 
Bxf3+ 29. Rxf3 R@e1+ 30. Kd2 Qxf3 31. d7+ Kxd7 32. B@e2 Rxe2+ 33. Nxe2 Qxe2+ 
34. Kxe2 N@g1+ 35. Bxg1 Nxg1+ 36. Kd2 R@e2+ 37. Kc3 B@b4+ 38. Kb3 P@a4+ 39. Kxa4 
B@b5+ 40. Kb3 P@a4# 
{venomous checkmated} 0-1

[Event "fics rated crazyhouse match"]
[Site "fics, Oklahoma City, OK USA"]
[Date "2000.03.16"]
[White "XXNoWay"]
[WhiteElo "2444"]
[Black "Thufir"]
[BlackElo "2289"]
[TimeControl "60+0"]
[Result "1-0"]

1. e4 e6 2. Nc3 Nf6 3. Nf3 Bb4 4. e5 Nd5 5. Nxd5 exd5 6. c3 
Be7 7. d4 d6 8. N@h5 Rg8 9. Bd3 N@g6 10. Bxg6 fxg6 11. Nxg7+ Rxg7 
12. Bh6 Rg8 13. N@g7+ Kf7 14. e6+ Bxe6 15. Nxe6 Kxe6 16. Qe2+ N@e4 17. P@d3 
B@g4 18. dxe4 Bxf3 19. exd5+ Kf5 20. B@e6+ Kf6 21. P@g5# 
{Thufir checkmated} 1-0

[Event "fics rated crazyhouse match"]
[Site "fics, Oklahoma City, OK USA"]
[Date "2000.03.16"]
[White "Thufir"]
[WhiteElo "2284"]
[Black "XXNoWay"]
[BlackElo "2449"]
[TimeControl "60+0"]
[Result "1-0"]

1. e4 e6 2. Nc3 Nf6 3. d4 d5 4. e5 Ne4 5. Nxe4 dxe4 6. Be3 
Nc6 7. Nh3 Be7 8. N@h5 Rg8 9. Be2 N@f5 10. c3 Nxe3 11. fxe3 B@g5 
12. N@g4 Bxe3 13. Nxe3 Bg5 14. Nxg5 Qxg5 15. B@f4 Qe7 16. O-O P@g5 17. Bg3 
Bd7 18. B@f6 gxf6 19. Nxf6+ Kf8 20. Nxg8 Kxg8 21. P@f6 Qf8 22. Ng4 B@f5 
23. Rxf5 exf5 24. B@g7 Qxg7 25. fxg7 N@g6 26. Nf6+ Kxg7 27. Nh5+ Kf8 28. Q@g7+ 
Ke7 29. Qf6+ Ke8 30. R@g8+ B@f8 31. Ng7# 
{XXNoWay checkmated} 1-0

[Event "fics rated crazyhouse match"]
[Site "fics, Oklahoma City, OK USA"]
[Date "2000.03.16"]
[White "spurs"]
[WhiteElo "2308"]
[Black "venomous"]
[BlackElo "2488"]
[TimeControl "60+0"]
[Result "0-1"]

1. d4 e6 2. Nc3 Nc6 3. Nf3 Bb4 4. Bd2 Nf6 5. e3 d5 6. Bb5 
Bd7 7. Bxc6 bxc6 8. O-O O-O 9. Ne2 Bxd2 10. Qxd2 B@h5 11. Ne5 Ne4 
12. Qd1 B@d6 13. Nxd7 Qxd7 14. B@c3 Nxc3 15. bxc3 N@e4 16. N@g3 Nxc3 17. Nxc3 
Bxd1 18. Rfxd1 Bxg3 19. hxg3 B@b2 20. N@e5 Qe7 21. B@h4 f6 22. Nxc6 Qf7 
23. N@e5 fxe5 24. Nxe5 Qxf2+ 25. Kh1 P@h3 26. P@f7+ Rxf7 27. B@f3 hxg2+ 28. Bxg2 
P@h3 29. Bxh3 Q@h2# 
{spurs checkmated} 0-1